Map: Ruins of Seras

Players

capac - Winner!

  • Race: Terran Terran
  • League: Gold

A.I. 1 (Elite)

  • Race: Protoss Protoss

VOD

Have the link to the VOD?

Description

Time

  • Played on: March 6, 2016, 12:17 p.m.
  • Length: 10:45
Show
View Real Time Build Order
Export as new Build Order

capac Terran - Winner!

Build Orders: MMM Bio 

Get SALT Encoding   

  12  0:01  SCV  
  13  0:16  SCV  
  13  0:20  Supply Depot  
  15  0:28  SCV  
  15  0:42  SCV  
  16  0:44  Barracks  
  16  0:48  Refinery  
  16  0:54  SCV  
  17  1:06  SCV  
  18  1:20  SCV  
  19  1:32  SCV  
  20  1:36  Command Center  
  20  1:39  Barracks Reactor  
  20  1:44  SCV  
  21  1:55  Supply Depot  
  21  2:01  Orbital Command  
  21  2:18  Marine x2  
  23  2:28  Barracks  
  23  2:33  Factory  
  23  2:34  SCV  
  24  2:41  Marine x2  
  26  2:46  SCV  
  27  2:55  Bunker  
  28  2:59  Orbital Command  
  27  3:12  SCV  
  27  3:18  Barracks Tech Lab  
  27  3:21  Starport, Factory Reactor  
  27  3:25  Marine x2  
  29  3:30  Factory Tech Lab  
  29  3:32  SCV  
  30  3:34  Refinery  
  30  3:35  SCV  
  30  3:40  Marine  
  32  3:47  SCV x2  
  34  3:58  Marine x2  
  34  3:59  Siege Tank, SCV x2  
  41  4:07  Refinery, Marine  
  42  4:12  SCV  
  42  4:13  SCV  
  44  4:21  Medivac  
  46  4:30  Supply Depot  
  46  4:34  Marine x2  
  48  4:39  Marine  
  48  4:41  Siege Tank  
  52  4:48  SCV x2  
  54  4:56  Marine x2  
  54  4:58  Medivac  
  58  5:00  SCV  
  58  5:01  SCV  
  60  5:08  Barracks  
  60  5:12  Barracks, SCV  
  60  5:13  SCV  
  62  5:14  Barracks  
  62  5:17  Stimpack  
  62  5:26  Supply Depot  
  62  5:28  Supply Depot  
  62  5:35  Starport Reactor  
  62  5:40  Marine x3  
  65  5:45  SCV x2  
  67  5:52  Supply Depot  
  67  5:53  Supply Depot  
  67  5:58  Marine x4, Siege Tank  
  67  6:01  Barracks Reactor  
  67  6:02  Barracks Reactor  
  74  6:11  Medivac  
  74  6:12  Medivac  
  74  6:14  SCV x2  
  80  6:18  Refinery  
  80  6:23  Marine x2, Barracks Reactor  
  80  6:24  Marine  
  83  6:32  Supply Depot  
  83  6:34  Siege Tank  
  86  6:44  Marine x4  
  90  6:48  Medivac  
  90  6:51  Medivac  
  90  6:52  Marine x2  
  90  6:54  SCV x2  
  98  7:00  Marine x2  
  98  7:01  Marine  
  101  7:04  Marine  
  101  7:05  Marine  
  103  7:13  Marine x3  
  103  7:14  Marine  
  107  7:18  Combat Shields  
  107  7:20  Marine x2  
  109  7:24  Supply Depot  
  109  7:25  Supply Depot  
  109  7:46  Siege Tank  
  109  7:47  Marine x2  
  109  7:48  Marine x5  
  109  7:49  Marine  
  109  7:50  Marine  
  121  7:53  Medivac x2  
  125  8:07  Marine  
  126  8:38  Supply Depot, Marine x9  
  135  8:43  Command Center  
  135  8:55  Marine x7  
  135  8:59  Marine x2  
  141  9:22  Marine x2  
  141  9:23  Marine x7  
  140  9:25  Siege Tank  
  140  9:26  Medivac x2  
  145  9:40  Marine  
  146  9:57  Siege Tank  
Show
View Real Time Build Order
Export as new Build Order

A.I. 1 (Elite) Protoss 

Build Orders: Zealot Archon, Dark Templar Rush 

Get SALT Encoding   

  12  0:01  Probe (Chrono Boost)  
  13  0:11  Probe (Chrono Boost)  
  14  0:20  Pylon  
  14  0:22  Probe (Chrono Boost)  
  15  0:38  Probe (Chrono Boost)  
  16  0:47  Assimilator  
  16  0:49  Probe (Chrono Boost)  
  17  0:50  Gateway  
  17  0:59  Probe (Chrono Boost)  
  17  1:01  Pylon  
  18  1:10  Probe (Chrono Boost)  
  19  1:20  Probe (Chrono Boost)  
  20  1:31  Probe (Chrono Boost)  
  21  1:34  Assimilator  
  21  1:36  Zealot  
  21  1:39  Cybernetics Core  
  23  1:42  Probe (Chrono Boost)  
  25  1:54  Probe (Chrono Boost)  
  25  2:01  Zealot  
  25  2:05  Probe (Chrono Boost)  
  28  2:10  Warp Gate  
  28  2:16  Probe (Chrono Boost)  
  28  2:17  Pylon  
  28  2:20  Twilight Council  
  29  2:26  Stalker  
  31  2:36  Gateway  
  31  2:48  Probe (Chrono Boost)  
  32  3:00  Probe (Chrono Boost), Dark Shrine  
  32  3:02  Gateway  
  33  3:11  Probe (Chrono Boost)  
  33  3:12  Pylon  
  34  3:17  Zealot  
  36  3:22  Zealot  
  36  3:23  Probe (Chrono Boost)  
  39  3:32  Pylon  
  40  3:55  Probe (Chrono Boost)  
  40  3:58  Adept  
  42  4:12  Adept  
  42  4:13  Dark Templar  
  42  4:15  Gateway  
  46  4:31  Adept  
  48  4:32  Dark Templar  
  50  4:44  Adept  
  52  4:50  Dark Templar  
  54  5:34  Pylon  
  54  5:44  Archon  
  54  5:46  Robotics Facility  
  54  5:50  Forge  
  54  5:52  Stalker, Forge  
  54  5:53  Sentry, Nexus, Stalker, Dark Templar  
  54  5:56  Pylon  
  62  5:58  Archon  
  62  6:14  Dark Templar  
  62  6:17  Pylon  
  64  6:20  Dark Templar  
  66  6:26  Archon  
  66  6:33  Protoss Ground Weapons Level 1  
  66  7:04  Dark Templar  
  66  7:06  Probe (Chrono Boost)  
  66  7:07  Probe (Chrono Boost)  
  70  7:17  Assimilator  
  70  7:18  Probe (Chrono Boost)  
  70  7:19  Probe (Chrono Boost), Assimilator  
  72  7:27  Dark Templar  
  72  7:29  Probe (Chrono Boost)  
  76  7:31  Probe (Chrono Boost)  
  76  7:36  Stalker  
  78  7:37  Nexus, Pylon  
  78  7:40  Archon  
  78  7:41  Probe (Chrono Boost)  
  78  7:42  Probe (Chrono Boost)  
  80  7:53  Probe (Chrono Boost), Dark Templar  
  80  7:54  Probe (Chrono Boost)  
  84  8:05  Probe x2 (Chrono Boost), Dark Templar  
  88  8:10  Observer  
  89  8:15  Stalker  
  89  8:16  Probe (Chrono Boost)  
  89  8:19  Pylon  
  92  8:20  Archon, Stalker  
  92  8:25  Stalker  
  96  8:35  Stalker  
  96  8:38  Sentry  
  100  8:42  Protoss Ground Armor Level 1, Pylon  
  100  8:51  Probe x2 (Chrono Boost)  
  100  8:52  Probe (Chrono Boost)  
  100  8:53  Stalker  
  105  8:58  Stalker  
  105  9:02  Probe (Chrono Boost), Stalker, Assimilator  
  110  9:03  Probe (Chrono Boost)  
  110  9:04  Probe (Chrono Boost)  
  110  9:09  Stalker  
  114  9:13  Probe (Chrono Boost)  
  114  9:15  Zealot  
  114  9:17  Probe (Chrono Boost)  
  114  9:20  Probe (Chrono Boost)  
  83  9:24  Dark Templar  
  83  9:30  Dark Templar  
  63  9:46  Archon, Dark Templar  
  65  9:54  Dark Templar  
  65  9:59  Archon  
  59  10:05  Zealot  
  59  10:13  Dark Templar  
Tags
 
Add a new tag
Caveats
  • Supply blocks, unpowered buildings, or Contaminate may cause inaccurate times.
  • Supply counts are checked every 10 seconds.